 Dungeon Crawl Stone Soup version 0.19-a0-1653-g922d709 (webtiles) character file.

47 AlphabetPasta the Scratcher (level 3, -2/16 HPs)
             Began as a Felid Transmuter on Sept 19, 2016.
             Slain by an orc
             ... wielding a +2 whip of electrocution
              (7 damage)
             ... on level 4 of the Dungeon on Sept 20, 2016.
             The game lasted 00:11:57 (2497 turns).

AlphabetPasta the Scratcher (Felid Transmuter)      Turns: 2497, Time: 00:11:57

Health: -2/16      AC:  1    Str:  7    XL:     3   Next: 48%
Magic:  6/7        EV: 18    Int: 14    God:
Gold:   167        SH:  0    Dex: 16    Spells: 3 memorised, 0 levels left
                                        Lives:  0   Deaths: 1

rFire  . . .     SeeInvis +       - Unarmed
rCold  . . .     Gourm    .     (armour unavailable)
rNeg   . . .     Faith    .     (shield unavailable)
rPois  .         Spirit   .     (helmet unavailable)
rElec  .         Dismiss  .     (cloak unavailable)
rCorr  .         Reflect  .     (gloves unavailable)
MR     .....     Harm     .     (boots unavailable)
Stlth  ++........               (no amulet)
                                (no ring)
                                (no ring)

@: appendage, quick
A: no armour, no weapons or thrown items, claws 1, fangs 3, horns 2, see
invisible, carnivore 3, speed 1, shaggy fur 1, slow metabolism 1, sharp paws
a: End Transformation


You were on level 4 of the Dungeon.
You were full.
You had grown temporary horns.
You visited 1 branch of the dungeon, and saw 4 of its levels.

You collected 167 gold pieces.

Inventory:

Missiles
 a - 57 arrows
Scrolls
 l - a scroll of remove curse
Potions
 g - 2 potions of agility
 i - a potion of flight
 o - a potion of lignification {unknown}
Books
 b - a book of Changes

   Spells                             Type                      Level
   a - Beastly Appendage              Transmutation                1
   b - Sticks to Snakes               Transmutation                2
   c - Spider Form                    Transmutation/Poison         3
   d - Ice Form                       Ice/Transmutation            4
   e - Blade Hands                    Transmutation                5
Comestibles
 c - a meat ration
 f - a chunk of flesh
 k - a slice of pizza


   Skills:
 + Level 2.1 Fighting
 + Level 3.3 Dodging
 * Level 3.9 Unarmed Combat
 + Level 2.1 Spellcasting
 * Level 3.3 Transmutations


You couldn't memorise any spells.
You knew the following spells:

 Your Spells              Type           Power        Failure   Level  Hunger
a - Beastly Appendage     Tmut           ##....       10%         1    ##.....
b - Sticks to Snakes      Tmut           ##......     12%         2    ###....
c - Spider Form           Tmut/Pois      #.........   38%         3    ####...


Dungeon Overview and Level Annotations

Branches:
Dungeon (4/15)
 Temple: D:4-7

Altars:

Annotations:
D:3 Grinder; jimeh's ghost, amateur DECj


Innate Abilities, Weirdness & Mutations

You cannot wear armour.
You are incapable of wielding weapons or throwing items.
You have sharp claws.
You have razor-sharp teeth.
You have supernaturally acute eyesight. (SInv)
You are carnivorous and can eat meat at any time.
You cover ground quickly.
You are covered in fur. (AC +1)
You have a slow metabolism.
Your sharp claws are effective at attacking unaware monsters.
You have a pair of horns on your head.


Message History

The bat completely misses you.
You climb downwards.
There is a stone staircase leading up here.
You feel better.
The orc wizard gestures wildly while chanting.
The orc wizard blinks!
The orc barely misses you.
Casting: Beastly Appendage
Confirm with . or Enter, or press ? or * to list all spells.
You grow a pair of large bovine horns.
The orc priest barely misses you.
The orc hits you with a whip of electrocution.
* * * LOW HITPOINT WARNING * * *
You barely miss the orc priest. The orc priest completely misses you.
The orc misses you.
The orc wizard casts a spell.
The orc wizard seems to speed up.
You closely miss the orc priest.
The orc wizard mumbles some strange words.
The orc wizard blinks!
The orc priest completely misses you.
The orc hits you with a whip of electrocution!
You die...

#########
#.......#
#(#####.#
##.#####.#
#...o@##.#
###..##o##.#
..o..##.##?#
# ## #
#.......# .
. #
###§..###
#.# .# #...#
#.##.#
........
.....
#...>.....#
§.S# ..
#.........#


You could see an orc priest, an orc wizard and an orc.

Vanquished Creatures
  5 adders (D:2)
  A dart slug (D:1)
  An orc (D:2)
  2 ball pythons
  6 bats (D:1)
  5 giant cockroaches
  4 goblins (D:2)
  8 hobgoblins
  3 jackals (D:2)
  2 quokkas (D:2)
  6 frilled lizards
  5 kobolds (D:2)
  3 rats
51 creatures vanquished.

Notes
Turn   | Place    | Note
-------+----------+-------------------------------------------
     0 | D:1      | AlphabetPasta the Felid Transmuter began the quest for the Orb.
     0 | D:1      | Reached XP level 1. HP: 9/9 MP: 4/4
   260 | D:1      | Reached XP level 2. HP: 12/12 MP: 6/6
   316 | D:1      | Learned a level 2 spell: Sticks to Snakes
   910 | D:2      | Reached XP level 3. HP: 15/15 MP: 5/7
   929 | D:2      | Learned a level 3 spell: Spider Form
  1622 | D:2      | Reached XP level 4. HP: 14/19 MP: 6/8
  2276 | D:3      | Noticed jimeh's ghost (amateur DECj)
  2432 | D:3      | Noticed Grinder
  2443 | D:3      | Slain by Grinder
  2444 | D:3      | Reached XP level 3. HP: -1/16 MP: 7/7
  2497 | D:4      | Slain by an orc

Vault maps used:
D:1:      lemuel_arrival_muddy, serial_forest, infiniplex_forest_straight_3,
          infiniplex_forest_corner_2, infiniplex_forest_end_double,
          infiniplex_forest_straight_2, infiniplex_forest_clump_curved,
          infiniplex_forest_lined_4_way
D:2:      kennysheep_nondescript, minmay_pentomino_u4
D:3:      uniq_grinder
D:4:      minmay_misc_feat_x, ashenzari_altar_1

Skill      XL: |  1  2  3  4 |
---------------+-------------+-----
Dodging        | 3 |  3.3
Transmutations | 3 |  3.3
Fighting       | 2 |  2.1
Unarmed Combat | |  3.9
Spellcasting   | |  2.1

Action                   |  1- 3 |  4- 6 || total
-------------------------+-------+-------++-------
Melee: Unarmed           |   114 |    39 ||   153
       Bite              |     7 |     1 ||     8
       Headbutt          |     8 |     3 ||    11
 Cast: Beastly Appendage |    16 |     5 ||    21
       Sticks to Snakes  |       |     1 ||     1
  Use: Potion            |     2 |       ||     2
       Scroll            |     9 |       ||     9
 Stab: Sleeping          |     6 |     3 ||     9
  Eat: Chunk             |    12 |     2 ||    14
Armor: Skin              |     9 |     1 ||    10
Dodge: Dodged            |   109 |    26 ||   135
